Map: Tours du crépuscule

Players

Savage - Winner!

  • Race: Zerg Zerg
  • League: Diamond

Worming

  • Race: Zerg Zerg
  • League: Diamond

VOD

Have the link to the VOD?

Description

Time

  • Played on: Dec. 19, 2015, 8:10 a.m.
  • Length: 6:45
Show
View Real Time Build Order
Export as new Build Order

Savage Zerg - Winner!

Build Orders: Pool First 

Get SALT Encoding   

  12  0:05  Drone  
  13  0:14  Extractor  
  12  0:25  Spawning Pool  
  12  0:28  Drone  
  12  0:33  Drone  
  13  0:37  Drone  
  14  0:48  Overlord  
  14  1:13  Zergling x6  
  17  1:24  Zergling x2  
  18  1:31  Queen, Metabolic Boost  
  20  1:39  Zergling x2  
  21  1:45  Baneling Nest  
  20  1:48  Zergling x2  
  21  1:57  Zergling x2  
  22  2:06  Overlord  
  22  2:33  Zergling x4  
  22  2:35  Baneling x4  
  21  2:58  Zergling x4  
  21  2:59  Zergling x4  
  24  3:26  Hatchery  
  23  3:27  Zergling x6  
  24  3:49  Zergling x6  
  27  3:57  Queen  
  29  4:16  Drone x2  
  27  4:25  Drone x3  
  28  4:32  Overlord  
  28  4:39  Baneling x2  
  28  4:44  Drone x2  
  23  5:08  Zergling x12  
  23  5:09  Zergling x2  
  30  5:23  Zergling x8  
  30  5:28  Baneling x2  
  34  5:49  Zergling x2  
  29  5:53  Zergling x6  
  29  5:54  Zergling x2  
  32  6:00  Zergling x6  
  32  6:01  Zergling x6  
  36  6:11  Baneling x2  
  36  6:16  Zergling x4  
Show
View Real Time Build Order
Export as new Build Order

Worming Zerg 

Build Orders: Hatch First 

Get SALT Encoding   

  12  0:01  Drone  
  13  0:12  Overlord  
  13  0:17  Drone  
  14  0:30  Drone x2  
  16  0:39  Drone  
  17  0:51  Hatchery  
  17  0:56  Drone  
  17  1:00  Drone, Extractor  
  17  1:07  Drone  
  18  1:18  Spawning Pool  
  17  1:20  Drone  
  18  1:28  Drone  
  19  1:38  Drone  
  20  1:49  Drone  
  21  2:00  Overlord  
  21  2:04  Queen  
  21  2:05  Queen  
  21  2:06  Zergling x2  
  26  2:20  Zergling x2, Spine Crawler  
  24  2:34  Zergling x4  
  25  2:40  Burrow  
  24  2:54  Zergling x6  
  24  2:55  Metabolic Boost  
  21  3:03  Baneling Nest  
  19  3:25  Zergling x8  
  19  3:26  Zergling x2  
  19  3:52  Drone x5  
  24  3:58  Baneling  
  24  4:00  Drone  
  25  4:14  Zergling x2  
  25  4:15  Zergling x4  
  20  4:29  Queen  
  20  4:35  Baneling  
  20  4:37  Drone  
  13  5:09  Zergling x6  
  16  5:29  Hatchery  
  16  5:33  Baneling  
  16  5:34  Baneling  
  15  5:44  Zergling x4  
  14  6:07  Baneling  
  14  6:13  Baneling  
  14  6:15  Baneling  
  12  6:31  Drone x6  
Tags
 
Add a new tag
Caveats
  • Supply blocks, unpowered buildings, or Contaminate may cause inaccurate times.
  • Supply counts are checked every 10 seconds.